 Dungeon Crawl Stone Soup version 0.19.0-1-g5985abe (webtiles) character file.

294 RudyRod the Shield-Bearer (level 6, -1/47 HPs)
             Began as a Demonspawn Fighter on Nov 2, 2016.
             Killed by divine providence
             ... invoked by an orc priest
              (14 damage)
             ... on level 4 of the Dungeon.
             The game lasted 00:07:59 (2643 turns).

RudyRod the Shield-Bearer (Demonspawn Fighter)      Turns: 2643, Time: 00:07:59

Health: -1/47      AC: 17    Str: 19    XL:     6   Next: 11%
Magic:  0/6        EV:  8    Int:  9    God:
Gold:   58         SH:  9    Dex: 12    Spells: 0 memorised, 5 levels left

rFire  . . .     SeeInvis .     a - +0 long sword
rCold  . . .     Gourm    .     b - +0 scale mail
rNeg   . . .     Faith    .     c - +0 shield
rPois  .         Spirit   +     (no helmet)
rElec  .         Reflect  .     d - +0 cloak
rCorr  .         Harm     .     (no gloves)
MR     +....                    (no boots)
Stlth  ..........               (no amulet)
                                x - ring of loudness (curse)
                                o - ring of protection from magic

@: sanguine armour
A: claws 1, magic shield, sanguine armour 2
a: no special abilities


You were on level 4 of the Dungeon.
You were not hungry.

You visited 1 branch of the dungeon, and saw 4 of its levels.

You collected 58 gold pieces.

Inventory:

Hand Weapons
 a - a +0 long sword (weapon)
Armour
 b - a +0 scale mail (worn)
 c - a +0 shield (worn)
 d - a +0 cloak (worn)
 u - a +0 pair of gloves
Jewellery
 o - a ring of protection from magic (left claw)
 x - a cursed ring of loudness (right claw)
 y - a cursed -2 ring of evasion {unknown}
Scrolls
 e - a scroll of amnesia
 n - 2 scrolls of teleportation
 t - a scroll of magic mapping
Potions
 h - a potion of curing
 i - 2 potions of heal wounds {unknown}
 k - 2 potions of agility {unknown}
 m - a potion of lignification {unknown}
 p - a potion of berserk rage {unknown}
 r - a potion of flight {unknown}
 w - a potion of haste {unknown}
Comestibles
 f - 4 bread rations
 g - 3 meat rations
 l - 2 beef jerkies
 q - 2 royal jellies
 v - 2 chunks of flesh


   Skills:
 + Level 3.4 Fighting
 + Level 2.9 Long Blades
 * Level 3.9 Armour
 * Level 1.5 Dodging
 * Level 4.2 Shields


You had 5 spell levels left.
You didn't know any spells.

Dungeon Overview and Level Annotations

Branches:
Dungeon (4/15)
 Temple: D:4-7

Altars:
Trog
Zin
The Shining One


Innate Abilities, Weirdness & Mutations

You have sharp fingernails.
When hurt, damage is shared between your health and your magic reserves.
When seriously injured, your bleeding wounds create thick armour. (AC +9)


Message History

You feel better.
The jackal bites you but does no damage.
You block the jackal's attack.
You barely miss the jackal. You block the jackal's attack.
Some of the chunks of flesh in your inventory have rotted away.
You closely miss the jackal. You block the jackal's attack.
The jackal closely misses you.
You hit the jackal.
The jackal is heavily wounded.
The jackal barely misses you. You block the jackal's attack.
You slash the jackal!
You kill the jackal!
You slash the orc!
You kill the orc!
You hit the orc priest but do no damage.
You block the orc priest's attack.
Your shield and scale mail prevent you from hitting the orc priest.
The orc priest calls down the wrath of Beogh upon you.
Beogh smites you!
You die...

##.......###.#
##.....###.######
##...####.#....##
#.†......#
#.#......#
##........#
#..#......#
#.###..#### ####@#
#### #.oo###
##..ho.##
#.......### .
##.........#
....###..........#
..................#
......#.##..!)....#
..#..#..o#........#


You could see an orc priest, an orc and a jackal.

Vanquished Creatures
  Purgy (D:3)
  A jelly (D:4)
  4 gnolls (D:3)
  2 adders
  An ooze (D:1)
  A worm (D:2)
  4 dart slugs
  4 leopard geckos
  12 orcs
  A ball python (D:2)
  3 giant cockroaches
  10 goblins
  8 hobgoblins
  3 jackals (D:4)
  13 bats
  3 frilled lizards (D:1)
  4 kobolds (D:3)
  9 rats
84 creatures vanquished.

Notes
Turn   | Place    | Note
-------+----------+-------------------------------------------
     0 | D:1      | RudyRod the Demonspawn Fighter began the quest for the Orb.
     0 | D:1      | Reached XP level 1. HP: 18/18 MP: 1/1
   223 | D:1      | Gained mutation: When seriously injured, your bleeding wounds create armour. (AC +9) [demonic ancestry]
   223 | D:1      | Reached XP level 2. HP: 24/24 MP: 2/2
   409 | D:1      | Reached skill level 3 in Shields
   492 | D:1      | Reached skill level 1 in Dodging
   524 | D:1      | Gained mutation: When hurt, damage is shared between your health and your magic reserves. [demonic ancestry]
   524 | D:1      | Reached XP level 3. HP: 15/29 MP: 3/3
  1296 | D:2      | Found a bloodstained altar of Trog.
  1678 | D:2      | Reached XP level 4. HP: 16/35 MP: 0/4
  1808 | D:3      | Noticed Purgy
  1823 | D:3      | Killed Purgy
  1823 | D:3      | Gained mutation: You have sharp fingernails. [demonic ancestry]
  1823 | D:3      | Reached XP level 5. HP: 24/41 MP: 3/5
  1881 | D:3      | Reached skill level 4 in Shields
  2145 | D:3      | Found a glowing silver altar of Zin.
  2155 | D:3      | Found a glowing golden altar of the Shining One.
  2620 | D:4      | Gained mutation: When seriously injured, your bleeding wounds create thick armour. (AC +9) [demonic ancestry]
  2620 | D:4      | Reached XP level 6. HP: 28/47 MP: 2/6
  2643 | D:4      | Killed from afar by an orc priest

Skill      XL: |  1  2  3  4  5 |
---------------+----------------+-----
Long Blades    | 2 |  2.9
Shields        | 3 4 |  4.2
Armour         | 3 |  3.9
Dodging        | 1 |  1.5
Fighting       | |  3.4

Action                   |  1- 3 |  4- 6 || total
-------------------------+-------+-------++-------
Melee: Long sword        |   152 |   153 ||   305
  Use: Potion            |       |     4 ||     4
       Scroll            |       |     5 ||     5
  Eat: Chunk             |     3 |     3 ||     6
Armor: Scale mail        |    76 |    95 ||   171
Dodge: Dodged            |    60 |    56 ||   116
Block: Shield            |    97 |    95 ||   192
       Rpst.: Long sword |    20 |    14 ||    34
